 Dungeon Crawl Stone Soup version 0.29.0-5-ge4962eb29e (webtiles) character file.

Game seed: 900928864290825255

2113 nickcage the Basher (level 9, -4/70 HPs)
             Began as a Minotaur Abyssal Knight on Aug 29, 2022.
             Was an Elder of Lugonu.
             Slain by an orc warrior
             ... wielding a +0 war axe
              (13 damage)
             ... on level 6 of the Dungeon.
             The game lasted 00:11:36 (5853 turns).

nickcage the Basher (Minotaur Abyssal Knight)       Turns: 5853, Time: 00:11:37

Health: -4/70      AC: 12    Str: 22    XL:     9   Next: 8%
Magic:  9/9        EV:  6    Int:  7    God:    Lugonu [****..]
Gold:   304        SH:  0    Dex: 11    Spells: 8/8 levels left

rFire   + . .      SeeInvis .   w - +0 dire flail (vorpal)
rCold   . . .      Faith    .   (shield currently unavailable)
rNeg    . . .      Spirit   .   k - +1 plate armour
rPois   .          Reflect  .   (helmet restricted)
rElec   .          Harm     .   (no cloak)
rCorr   .          Rampage  .   (no gloves)
Will    .....                   (no boots)
Stlth   ..........              (no amulet)
HPRegen 0.21/turn               f - ring of protection from fire
MPRegen 0.11/turn               g - ring of flight

@: flying
A: horns 2, retaliatory headbutt
a: Renounce Religion, Depart the Abyss, Bend Space, Banish, Corrupt


You were on level 6 of the Dungeon.
You worshipped Lugonu.
Lugonu was greatly pleased with you.
You visited 1 branch of the dungeon, and saw 6 of its levels.
You visited the Abyss 1 time.

You collected 304 gold pieces.

Inventory:

Hand Weapons
 a - a +1 mace
 n - a +0 morningstar
 t - a +0 flail of protection
 w - a +0 vorpal dire flail (weapon)
Missiles
 l - 5 javelins (quivered)
Armour
 b - a +0 leather armour
 e - a +0 ring mail
 k - a +1 plate armour (worn)
Jewellery
 f - a ring of protection from fire (left hand)
 g - a ring of flight (right hand)
 s - a +6 ring of intelligence
Wands
 y - a wand of roots (6)
Scrolls
 d - 2 scrolls of teleportation
 i - 3 scrolls of brand weapon
 x - 2 scrolls of enchant weapon {unknown}
Potions
 c - 5 potions of curing
 h - a potion of cancellation
 j - a potion of brilliance {unknown}
 m - a potion of heal wounds
 o - a potion of might {unknown}
 p - 2 potions of resistance {unknown}
 q - a potion of ambrosia {unknown}
 r - a potion of mutation {unknown}
 u - a potion of flight {unknown}
 v - a potion of attraction {unknown}
 z - 2 potions of degeneration


   Skills:
 - Level 3.6 Fighting
 + Level 14.2 Maces & Flails
 - Level 2.4 Armour
 - Level 1.1 Dodging
 - Level 1.7 Invocations


You had 8 spell levels left.
You didn't know any spells.
Your spell library contained the following spells:

 Spells                   Type           Power      Damage    Failure   Level
 Sublimation of Blood     Necr           0%         N/A       100%        2
 Petrify                  Tmut/Erth      0%         N/A       100%        4
 Irradiate                Conj/Tmut      0%         3d11      100%        5
 Dispersal                Tloc           0%         N/A       100%        6
 Disjunction              Tloc           0%         N/A       100%        8


Dungeon Overview and Level Annotations

Branches:
Dungeon (6/15)
 Temple: D:4-7

Altars:
Kikubaaqudgha
The Shining One


Innate Abilities, Weirdness & Mutations

You have a pair of horns on your head.
You reflexively headbutt those who attack you in melee.


Message History

You hear a shout! x2
The bullfrog hits you but does no damage.
You hear a shout!
You barely miss the bullfrog.
The bullfrog is severely wounded.
You hear a shout! x2
The bullfrog hits you!
* * * LOW HITPOINT WARNING * * *
You barely miss the bullfrog.
The bullfrog is severely wounded.
The bullfrog closely misses you.
You hit the bullfrog but do no damage.
The bullfrog is severely wounded.
The bullfrog hits you but does no damage.
You closely miss the bullfrog.
The bullfrog is severely wounded.
The orc barely misses you.
You sock the bullfrog!
You kill the bullfrog!
Lugonu accepts your kill.
You barely miss the orc. The orc hits you but does no damage.
You sock the orc!
You kill the orc!
Lugonu accepts your kill.
You thump the orc warrior!
The orc warrior is moderately wounded.
You hit the orc warrior but do no damage.
The orc warrior is moderately wounded.
The orc warrior hits you with a +0 war axe!
* * * LOW HITPOINT WARNING * * *
You hit the orc warrior.
The orc warrior is severely wounded.
You closely miss the orc warrior.
The orc warrior is severely wounded.
The orc warrior hits you with a +0 war axe.
* * * LOW HITPOINT WARNING * * *
You hit the orc warrior but do no damage.
The orc warrior is severely wounded.
The orc warrior hits you with a +0 war axe!
You die...

##..#'###......#
#
#.......#......#
#.......#......+
#.......##.....#
##..###.###+####
#..# ..# #..#
...# #..# ...#
#@o# ..# #o)#
#o## ... ....
.#.## #.#.#
?(#.#


You could see an orc warrior and 2 orcs.

Vanquished Creatures
  6 yaks (D:5)
  Eustachio (D:4)
  A sky beast (D:6)
  2 ice beasts
  A black bear (D:6)
  Blork the orc (D:4)
  2 scorpions (D:5)
  A bullfrog (D:6)
  2 jellies
  An orc priest (D:6)
  2 iguanas
  An orc wizard (D:3)
  Robin (D:4)
  8 gnolls
  9 adders
  A shadow imp (D:5)
  A white imp (D:6)
  An ufetubus (D:5)
  3 worms
  3 dart slugs
  18 orcs
  7 endoplasms
  3 giant cockroaches
  13 goblins
  8 hobgoblins
  3 jackals (D:1)
  6 quokkas
  8 ball pythons
  7 bats
  5 frilled lizards
  8 kobolds
  6 rats
140 creatures vanquished.

Vanquished Creatures (others)
  A human (D:4)
1 creature vanquished.

Grand Total: 141 creatures vanquished

Notes
Turn   | Place    | Note
-------+----------+-------------------------------------------
     0 | Abyss:1  | nickcage the Minotaur Abyssal Knight began the quest for
                  | the Orb.
     0 | Abyss:1  | Reached XP level 1. HP: 19/19 MP: 1/1
     1 | D:1      | Escaped the Abyss
    42 | D:1      | Reached skill level 3 in Maces & Flails
   267 | D:1      | Reached XP level 2. HP: 26/26 MP: 2/2
   624 | D:1      | Reached skill level 4 in Maces & Flails
   689 | D:1      | Found a faded altar of an unknown god.
  1173 | D:2      | Reached XP level 3. HP: 31/31 MP: 3/3
  1325 | D:2      | Reached skill level 5 in Maces & Flails
  1496 | D:2      | Reached XP level 4. HP: 21/39 MP: 4/4
  1672 | D:2      | Identified the +1 robe of Wu Jian's Outrage {Will+ Dex+4}
  1882 | D:2      | Reached *** piety under Lugonu
  2361 | D:3      | Reached skill level 6 in Maces & Flails
  2833 | D:3      | Reached XP level 5. HP: 44/45 MP: 5/5
  2907 | D:3      | You are sucked into a shaft and drop 1 floor!
  2908 | D:4      | Noticed Eustachio
  2919 | D:4      | Killed Eustachio
  2920 | D:4      | Reached skill level 7 in Maces & Flails
  2920 | D:4      | Reached XP level 6. HP: 44/51 MP: 6/6
  3305 | D:4      | Noticed Robin
  3433 | D:3      | Reached **** piety under Lugonu
  3436 | D:3      | Reached skill level 8 in Maces & Flails
  3568 | D:4      | Killed Robin
  3805 | D:4      | Noticed Blork the orc
  3811 | D:4      | Killed Blork the orc
  3920 | D:4      | Reached skill level 9 in Maces & Flails
  4170 | D:4      | Found an ancient bone altar of Kikubaaqudgha.
  4171 | D:4      | Noticed a human
  4174 | D:4      | Killed a human
  4372 | D:5      | Entered Level 5 of the Dungeon
  4616 | D:5      | Noticed a yak
  4616 | D:5      | Noticed a yak
  4616 | D:5      | Noticed a yak
  4644 | D:5      | Reached XP level 7. HP: 57/57 MP: 7/7
  4647 | D:5      | Killed a yak
  4662 | D:5      | Killed a yak
  4663 | D:5      | Reached skill level 10 in Maces & Flails
  4753 | D:5      | Noticed a yak
  4754 | D:5      | Noticed a yak
  4761 | D:5      | Noticed a yak
  4770 | D:5      | Killed a yak
  4771 | D:5      | Reached skill level 11 in Maces & Flails
  4775 | D:5      | Killed a yak
  4776 | D:5      | Reached XP level 8. HP: 38/64 MP: 8/8
  4917 | D:5      | Reached skill level 12 in Maces & Flails
  5482 | D:5      | Reached skill level 13 in Maces & Flails
  5723 | D:6      | Found a glowing golden altar of the Shining One.
  5820 | D:6      | Reached skill level 14 in Maces & Flails
  5820 | D:6      | Reached XP level 9. HP: 33/70 MP: 9/9
  5853 | D:6      | Slain by an orc warrior

Illustrated notes

Levels and vault maps discovered:
D:1:      amcnicky_arrival_gap_in_the_tavern_cellar, layout_loops_ring,
          ebering_ecumenical_altar_abandoned
D:2:      layout_basic
D:3:      layout_basic
D:4:      layout_rooms, tgw_kikubaaqudgha, minmay_bisected, uniq_eustachio,
          uniq_robin, uniq_blork_the_orc
D:5:      layout_loops_ring
D:6:      layout_basic, marbit_many_paths, amcnicky_altar_gilded,
          lemuel_coloured_pillars_altar, tso_oasis_becter,
          nicolae_overflow_crystal_walls, enter_ossuary_5, uniq_maggie

Skill      XL: |  1  2  3  4  5  6  7  8 |
---------------+-------------------------+-----
Maces & Flails | 3 4 5 6 7 9 11 14 | 14.2
Fighting       | |  3.6
Armour         | |  2.4
Dodging        | |  1.1
Invocations    | |  1.7

Action                   |  1- 3 |  4- 6 |  7- 9 || total
-------------------------+-------+-------+-------++-------
Melee: Mace              |    90 |    62 |       ||   152
       Headbutt          |    11 |    22 |    21 ||    54
       Punch             |     1 |       |       ||     1
       Flail             |       |   115 |       ||   115
       Dire flail        |       |    12 |   122 ||   134
Throw: Javelin           |       |    17 |     2 ||    19
  Use: Scroll            |       |    11 |       ||    11
 Stab: Distracted        |       |       |     1 ||     1
Armor: Leather armour    |     6 |       |       ||     6
       Ring mail         |     9 |       |       ||     9
       Plate armour      |    45 |   143 |    43 ||   231
Dodge: Dodged            |    43 |    54 |    30 ||   127
